 Dungeon Crawl Stone Soup version 0.20-a0-38-g7d30548 (webtiles) character file.

480 Faca the Covered (level 6, -1/56 HPs)
             Began as a Minotaur Fighter on Nov 11, 2016.
             Killed from afar by baldghoti's ghost (9 damage)
             ... with a bolt of negative energy
             ... in an ossuary.
             The game lasted 00:28:27 (3234 turns).

Faca the Covered (Minotaur Fighter)                 Turns: 3234, Time: 00:28:28

Health: -1/56      AC: 11    Str: 20    XL:     6   Next: 86%
Magic:  5/5        EV:  7    Int:  5    God:
Gold:   155        SH:  9    Dex: 12    Spells: 0 memorised, 5 levels left

rFire  . . .     SeeInvis .     a - +0 war axe
rCold  . . .     Gourm    .     b - +0 scale mail
rNeg   . . .     Faith    .     c - +0 shield
rPois  .         Spirit   .     k - +0 hat
rElec  .         Reflect  .     p - +0 cloak
rCorr  .         Harm     .     m - +2 pair of gloves
MR     .....                    (no boots)
Stlth  ..........               (no amulet)
                                (no ring)
                                (no ring)

@: about to teleport, heavily drained
A: retaliatory headbutt, horns 2
a: no special abilities


You were in an ossuary.
You were not hungry.

You visited 1 branch of the dungeon, and saw 4 of its levels.
You also visited: Ossuary.

You collected 155 gold pieces.

Inventory:

Hand Weapons
 a - a +0 war axe (weapon)
 o - a +3 quarterstaff of chaos
Armour
 b - a +0 scale mail (worn)
 c - a +0 shield (worn)
 k - a +0 hat (worn)
 m - a +2 pair of gloves (worn)
 p - a +0 cloak (worn)
Scrolls
 g - a scroll of remove curse
 n - a scroll of teleportation
 r - a scroll of identify
Potions
 d - a potion of might
 e - a potion of curing {unknown}
 h - a potion of invisibility {unknown}
 j - a potion of resistance {unknown}
 q - a potion of lignification {unknown}
Books
 i - a book of Cantrips

   Spells                             Type                      Level
   a - Confusing Touch                Hexes                        1
   b - Animate Skeleton               Necromancy                   1
   c - Summon Small Mammal            Summoning                    1
   d - Apportation                    Translocation                1
Comestibles
 f - 3 bread rations
 l - 2 fruits


   Skills:
 + Level 5.6(3.9) Fighting
 + Level 4.6(3.0) Axes
 + Level 5.8(4.2) Armour
 + Level 5.6(4.0) Shields


You had 5 spell levels left.
You didn't know any spells.

Dungeon Overview and Level Annotations

Branches:
Dungeon (4/15)
 Temple: D:4-7

Altars:
Dithmenos
Gozag
Ru
Sif Muna
Vehumet
Yredelemnul

Annotations:
Ossuary baldghoti's ghost, novice DrBe


Innate Abilities, Weirdness & Mutations

You reflexively headbutt those who attack you in melee.
You have a pair of horns on your head.


Message History

Baldghoti's ghost hits you! You block the adder zombie's attack.
Your shield and scale mail prevent you from hitting baldghoti's ghost.
You closely miss the adder zombie. You block the adder zombie's attack.
Baldghoti's ghost hits you but does no damage.
The adder zombie bites you but does no damage.
You closely miss baldghoti's ghost. You headbutt baldghoti's ghost.
Baldghoti's ghost is lightly damaged.
You slash the adder zombie!
Baldghoti's ghost breathes negative energy at you.
The bolt of negative energy hits you!
You feel drained.
Ouch! That really hurt!
* * * LOW HITPOINT WARNING * * *
You block the adder zombie's attack.
Baldghoti's ghost whispers, "There is no future for you."
Baldghoti's ghost hits you but does no damage.
As you read the scroll of teleportation, it crumbles to dust.
You feel strangely unstable. You block the adder zombie's attack.
Baldghoti's ghost breathes negative energy at you.
The bolt of negative energy hits you!
You feel drained.
You die...

###################
..................#
..................#
....########......#
.#### ####...# ##
##@.# # +WZ# ##
#Z.# .#### ...#
....###### ...#
.......... ....#
.......... ....#
....###### .....#
.####


You could see baldghoti's ghost, an adder zombie and a hobgoblin zombie.

Vanquished Creatures
  The ghost of yay the Cudgeler, an amateur MiFi (D:3)
  A centaur (D:3)
  A centaur zombie (Ossuary)
  2 hounds (D:4)
  Crazy Yiuf (D:3)
  Natasha (D:3)
  A big kobold zombie (Ossuary)
  2 hound zombies (Ossuary)
  3 adders
  2 adder zombies (Ossuary)
  2 leopard geckos
  3 orcs
  3 ball pythons
  3 giant cockroaches
  8 goblins
  10 hobgoblins
  2 quokkas
  12 bats
  3 frilled lizards
  A goblin zombie (Ossuary)
  2 hobgoblin zombies (Ossuary)
  3 jackal zombies (Ossuary)
  12 kobolds
  2 kobold zombies (Ossuary)
  4 quokka zombies (Ossuary)
  9 rats
  2 rat zombies (Ossuary)
  A plant (D:3)
97 creatures vanquished.

Notes
Turn   | Place    | Note
-------+----------+-------------------------------------------
     0 | D:1      | Faca the Minotaur Fighter began the quest for the Orb.
     0 | D:1      | Reached XP level 1. HP: 19/19 MP: 0/0
   301 | D:1      | Reached XP level 2. HP: 26/27 MP: 1/1
   971 | D:2      | Reached XP level 3. HP: 32/33 MP: 2/2
  1634 | D:3      | Noticed yay's ghost (amateur MiFi)
  1663 | D:3      | Killed yay's ghost
  1663 | D:3      | Reached XP level 4. HP: 8/41 MP: 3/3
  1663 | D:3      | Reached XP level 5. HP: 9/47 MP: 4/4
  1670 | D:3      | Reached skill level 5 in Armour
  1929 | D:3      | Found a radiant altar of Vehumet.
  1954 | D:3      | Found an opulent altar of Gozag.
  2233 | D:3      | Found a basalt altar of Yredelemnul.
  2307 | D:3      | Noticed Natasha
  2321 | D:3      | Killed Natasha
  2324 | D:3      | Found a sacrificial altar of Ru.
  2336 | D:3      | Found a deep blue altar of Sif Muna.
  2341 | D:3      | Found a shadowy altar of Dithmenos.
  2406 | D:3      | Reached skill level 5 in Shields
  2418 | D:3      | Noticed a centaur
  2436 | D:3      | Killed a centaur
  2436 | D:3      | Reached skill level 5 in Fighting
  2436 | D:3      | Reached XP level 6. HP: 35/56 MP: 5/5
  2602 | D:3      | Found a runed door.
  2606 | D:3      | Noticed Crazy Yiuf
  2615 | D:3      | Killed Crazy Yiuf
  2990 | D:4      | Found a sand-covered staircase.
  3065 | Ossuary  | Entered an ossuary
  3223 | Ossuary  | Noticed baldghoti's ghost (novice DrBe)
  3234 | Ossuary  | Killed from afar by baldghoti's ghost

Vault maps used:
D:1:      onia_arrival_handbag
D:3:      minmay_diamond_boxcup, minitemple, nicolae_overflow_hidden_temple,
          serial_bayou, serial_bayou_pond_b, serial_bayou_pond_b,
          serial_bayou_pond_b, serial_bayou_lake_a, uniq_crazy_yiuf_cottage,
          uniq_natasha
D:4:      nicolae_ossuary_entry_false_entrances, uniq_duvessa, uniq_eustachio,
          uniq_sigmund
Ossuary:  minmay_ossuary_two_tombs

Skill      XL: |  1  2  3  4  5 |
---------------+----------------+-----
Armour         | 4 5 |  5.8
Shields        | 4 5 |  5.6
Fighting       | 4 5 |  5.6
Axes           | 3 4 |  4.6

Action                   |  1- 3 |  4- 6 || total
-------------------------+-------+-------++-------
Melee: War axe           |   139 |   165 ||   304
       Headbutt          |    19 |    26 ||    45
  Use: Scroll            |     5 |     2 ||     7
  Eat: Bread ration      |     1 |       ||     1
       Fruit             |       |     4 ||     4
Armor: Scale mail        |    61 |    82 ||   143
Dodge: Dodged            |    49 |    33 ||    82
Block: Shield            |    70 |    97 ||   167
